 Dungeon Crawl Stone Soup version 0.29.1-1-gd02db6906a (webtiles) character file.

Game seed: 10325336571755535885

16 gxvinz the Trooper (level 2, -1/24 HPs)
             Began as a Demonspawn Berserker on Oct 11, 2022.
             Was a Follower of Trog.
             Slain by an iron imp (10 damage)
             ... summoned by Natasha
             ... on level 2 of the Dungeon.
             The game lasted 00:05:13 (473 turns).

gxvinz the Trooper (Demonspawn Berserker)            Turns: 473, Time: 00:05:14

Health: -1/24      AC:  5    Str: 17    XL:     2   Next: 41%
Magic:  2/2        EV: 11    Int:  8    God:    Trog [*.....]
Gold:   52         SH:  0    Dex: 12    Spells: 1/1 levels left

rFire   . . .      SeeInvis .   a - +0 falchion
rCold   + . .      Faith    .   (no shield)
rNeg    . . .      Spirit   .   j - +0 ring mail
rPois   .          Reflect  .   (no helmet)
rElec   .          Harm     .   (no cloak)
rCorr   .          Rampage  .   (no gloves)
Will    .....                   (no boots)
Stlth   +.........              (no amulet)
HPRegen 0.08/turn               k - ring of protection from cold
MPRegen 0.08/turn               (no ring)

@: no status effects
A: foul stench 1
a: Renounce Religion, Berserk


You were on level 2 of the Dungeon.
You worshipped Trog.
Trog was aware of your devotion.
You visited 1 branch of the dungeon, and saw 2 of its levels.

You collected 52 gold pieces.

Inventory:

Hand Weapons
 a - a +0 falchion (weapon)
 c - a +0 dagger
 d - a +0 club
 i - a +0 mace
 l - a +0 rapier
 n - a +1 dagger of protection
Missiles
 e - 8 stones (quivered)
Armour
 b - a +0 animal skin
 j - a +0 ring mail (worn)
Jewellery
 k - a ring of protection from cold (left hand)
Scrolls
 g - a scroll of identify {unknown}
 h - a scroll of vulnerability {unknown}
 m - a scroll of teleportation {unknown}
Potions
 f - a potion of lignification {unknown}
 o - a potion of curing {unknown}


   Skills:
 + Level 3.3 Fighting
 + Level 3.0 Long Blades
 + Level 1.9 Armour
 + Level 1.9 Dodging


You had one spell level left.
You didn't know any spells.
Your spell library was empty.

Dungeon Overview and Level Annotations

Branches:
Dungeon (2/15)

Altars:

Annotations:
D:2 Natasha


Innate Abilities, Weirdness & Mutations

You may rarely emit foul miasma when damaged in melee.


Message History

The quokka bites you.
You barely miss the quokka.
The quokka is almost dead.
The quokka barely misses you.
You hit the quokka.
You kill the quokka!
Trog accepts your kill.
You see here a quokka corpse.
o - a bubbling sapphire potion
Found 4 stones.
e - 8 stones (gained 4)
Found a stone staircase leading down.
There is a stone staircase leading down here.
You climb downwards.
Natasha hisses angrily.
Found a scroll labelled XARPHA NUASOSOD.
There is a stone staircase leading up here.
There are monsters nearby!
You can't go down here!
The bat barely misses you. The bat closely misses you.
You slash the bat!
You kill the bat!
Trog accepts your kill. Natasha claws you.
You closely miss Natasha. Natasha barely misses you.
Natasha casts a spell.
You closely miss Natasha. The crimson imp misses you.
Natasha casts a spell.
You hit Natasha.
Natasha is moderately wounded.
The crimson imp closely misses you.
Natasha mumbles some strange words.
You hit the crimson imp.
The crimson imp is moderately wounded.
Natasha claws you.
The crimson imp blinks!
The iron imp closely misses you. The iron imp barely misses you.
You closely miss Natasha.
Natasha is moderately wounded.
Natasha claws you! The iron imp hits you!
You die...

# #######.#
#. ...#.#
..####.
#.?..#
.......##5.#
#<.h@#
####5# #.#
#.# #.# #5#
#.. ###


You could see 2 iron imps, Natasha and a crimson imp (summoned).

Vanquished Creatures
  3 endoplasms (D:1)
  A hobgoblin (D:1)
  A quokka (D:1)
  3 ball pythons (D:1)
  A bat (D:2)
  A frilled lizard (D:1)
  2 goblins (D:1)
  3 kobolds (D:1)
  A rat (D:1)
16 creatures vanquished.

Notes
Turn   | Place    | Note
-------+----------+-------------------------------------------
     0 | D:1      | gxvinz the Demonspawn Berserker began the quest for the
                  | Orb.
     0 | D:1      | Reached XP level 1. HP: 18/18 MP: 1/1
    66 | D:1      | Found a faded altar of an unknown god.
   221 | D:1      | Gained mutation: You may rarely emit foul miasma when
                  | damaged in melee. [demonic ancestry]
   221 | D:1      | Reached XP level 2. HP: 21/24 MP: 2/2
   462 | D:2      | Noticed Natasha
   469 | D:2      | Noticed a crimson imp
   473 | D:2      | Slain by an iron imp

Illustrated notes

Levels and vault maps discovered:
D:1:      lemuel_arrival_behind_the_door_small, layout_basic,
          basic_ecumenical_altar, serial_bayou_ford_a
D:2:      layout_basic, chequers_decorated_corner, uniq_natasha

Skill      XL: |  1  2 |
---------------+-------+-----
Long Blades    | 3 |  3.0
Fighting       | |  3.3
Armour         | |  1.9
Dodging        | |  1.9

Action                   || total
-------------------------++-------
Melee: Falchion          ||    47
Armor: Ring mail         ||    14
Dodge: Dodged            ||    35
